Map: Abyssal Reef LE

Players

saixy - Winner!

  • Race: Terran Terran
  • League: Master
  • Spawn Location: 11:00

Griffith

  • Race: Protoss Protoss
  • League: Master
  • Spawn Location: 5:00

VOD

Have the link to the VOD?

Description

Time

  • Played on: June 15, 2017, 12:35 p.m.
  • Length: 11:32
Show
View Real Time Build Order
Export as new Build Order

saixy Terran - Winner!

Build Orders: Cyclone Opening, Reaper Expand, Mech 

Get SALT Encoding   

  12  0:00  SCV  
  13  0:13  SCV  
  14  0:17  Supply Depot  
  14  0:25  SCV  
  15  0:28  Refinery  
  15  0:38  SCV  
  16  0:45  Barracks  
  16  0:50  SCV  
  17  1:03  SCV  
  18  1:15  SCV  
  19  1:32  Orbital Command, Reaper  
  20  1:49  Command Center  
  20  1:59  SCV  
  21  2:05  Factory  
  21  2:10  Barracks Reactor  
  21  2:14  SCV  
  22  2:17  Refinery  
  22  2:26  SCV  
  22  2:27  Supply Depot  
  23  2:50  SCV  
  24  2:59  Cyclone  
  24  3:00  Cyclone  
  24  3:02  SCV  
  24  3:04  Orbital Command  
  31  3:11  Engineering Bay  
  31  3:15  SCV  
  32  3:27  SCV, Starport  
  32  3:30  SCV  
  32  3:31  Widow Mine x2  
  37  3:35  Barracks Tech Lab  
  37  3:39  SCV  
  38  3:45  SCV  
  39  3:51  Refinery, SCV, Missile Turret  
  40  3:57  SCV  
  40  3:59  Widow Mine  
  40  4:00  Widow Mine  
  45  4:08  SCV  
  46  4:11  Refinery  
  46  4:14  Medivac  
  46  4:15  Supply Depot, SCV  
  49  4:22  SCV  
  50  4:27  SCV  
  50  4:29  Supply Depot  
  51  4:35  SCV  
  52  4:39  SCV  
  52  4:43  Supply Depot  
  52  4:44  Hellion x2  
  57  4:51  Raven  
  59  4:57  Factory  
  59  4:58  SCV  
  59  4:59  SCV  
  63  5:07  Supply Depot  
  63  5:09  Barracks Reactor  
  63  5:10  SCV  
  63  5:12  Factory  
  63  5:13  SCV  
  63  5:22  SCV, Hellion  
  63  5:23  Hellion  
  63  5:25  SCV  
  69  5:33  Banshee  
  72  5:36  SCV, Armory  
  72  5:37  SCV  
  72  5:55  Factory Tech Lab, Hellion  
  72  5:56  Marine x2, Hellion  
  78  5:57  Factory, Factory Tech Lab  
  78  6:00  SCV  
  78  6:02  SCV  
  74  6:05  Supply Depot  
  74  6:07  Missile Turret  
  74  6:14  Marine x2  
  74  6:15  Supply Depot  
  74  6:18  SCV x2  
  80  6:21  Siege Tank  
  80  6:23  Siege Tank  
  84  6:26  Raven  
  86  6:34  Supply Depot  
  86  6:35  SCV x2  
  88  6:41  Factory Reactor  
  88  6:42  Marine x2  
  88  6:43  Hellion x2  
  88  6:44  Supply Depot  
  94  6:54  Siege Tank  
  94  7:00  Siege Tank  
  100  7:19  Banshee  
  100  7:21  Marine x2, Hellion x2  
  109  7:25  Supply Depot  
  109  7:26  Supply Depot  
  109  7:28  Supply Depot, Hellion x2, Siege Tank  
  116  7:31  Terran Vehicle And Ship Armor Level 1  
  116  7:34  Supply Depot x2  
  116  7:46  Siege Tank  
  116  7:48  Supply Depot, SCV  
  120  8:02  Raven  
  122  8:08  Siege Tank  
  122  8:09  Hellion x2  
  122  8:10  Hellion x2  
  132  8:19  Hellion  
  134  8:25  Marine x2  
  136  8:29  Supply Depot  
  136  8:36  Supply Depot  
  136  8:37  Supply Depot  
  136  8:40  Siege Tank x2  
  146  8:48  Hellion x2  
  146  8:49  Engineering Bay  
  146  9:12  Siege Tank x2  
  148  9:20  Hellion x2  
  148  9:21  Marine x2, Hellion x2  
  148  9:22  Raven  
  155  9:26  Supply Depot  
  155  9:39  Missile Turret  
  155  9:40  Missile Turret  
  155  9:41  Hellbat  
  155  9:44  Siege Tank  
  120  9:57  Siege Tank  
  120  9:58  Hellion  
  119  10:04  Banshee  
  119  10:05  Hellion x3  
  117  10:16  Siege Tank  
  111  10:23  Widow Mine  
  111  10:29  Siege Tank  
  111  10:44  Hellion x3  
  111  10:47  Banshee  
  111  10:48  Siege Tank  
  123  10:52  Hellion  
  125  11:04  Missile Turret  
  125  11:11  Marine, Hellion  
  132  11:12  Marine  
  134  11:22  Missile Turret  
Show
View Real Time Build Order
Export as new Build Order

Griffith Protoss 

Build Orders: 1 Gate Expand, Blink Stalkers, Zealot Archon 

Get SALT Encoding   

  12  0:01  Probe (Chrono Boost)  
  13  0:12  Probe (Chrono Boost)  
  14  0:17  Pylon  
  14  0:22  Probe (Chrono Boost)  
  15  0:36  Probe (Chrono Boost)  
  15  0:37  Gateway  
  16  0:43  Assimilator  
  16  0:46  Probe (Chrono Boost)  
  18  0:57  Probe (Chrono Boost)  
  18  1:07  Probe (Chrono Boost)  
  19  1:21  Nexus  
  19  1:31  Cybernetics Core  
  19  1:36  Probe (Chrono Boost)  
  20  1:40  Assimilator  
  20  1:47  Probe (Chrono Boost)  
  20  1:51  Pylon  
  21  1:58  Probe (Chrono Boost)  
  22  2:08  Warp Gate, Probe (Chrono Boost)  
  22  2:09  Adept (Chrono Boost)  
  24  2:23  Mothership Core (Chrono Boost)  
  26  2:35  Probe (Chrono Boost)  
  27  2:38  Robotics Facility  
  27  2:42  Probe (Chrono Boost)  
  28  2:46  Probe (Chrono Boost)  
  29  2:52  Probe (Chrono Boost)  
  29  2:56  Twilight Council, Probe (Chrono Boost)  
  31  3:03  Probe (Chrono Boost)  
  32  3:07  Probe (Chrono Boost)  
  33  3:13  Probe (Chrono Boost)  
  33  3:17  Probe (Chrono Boost)  
  35  3:22  Gateway  
  35  3:24  Probe (Chrono Boost)  
  35  3:25  Gateway  
  37  3:27  Observer (Chrono Boost), Probe  
  37  3:32  Blink (Chrono Boost)  
  37  3:33  Pylon  
  38  3:36  Probe  
  39  3:44  Probe (Chrono Boost)  
  41  3:48  Probe (Chrono Boost)  
  41  3:52  Observer  
  43  3:56  Assimilator  
  43  3:57  Probe (Chrono Boost)  
  43  3:59  Probe (Chrono Boost)  
  44  4:05  Pylon  
  44  4:09  Probe (Chrono Boost)  
  46  4:10  Stalker, Probe (Chrono Boost)  
  48  4:20  Stalker  
  48  4:22  Probe (Chrono Boost)  
  51  4:25  Stalker  
  51  4:28  Probe (Chrono Boost)  
  51  4:30  Observer  
  55  4:32  Pylon  
  55  4:33  Probe (Chrono Boost)  
  55  4:37  Pylon  
  57  4:40  Probe (Chrono Boost)  
  57  4:41  Stalker  
  57  4:43  Probe (Chrono Boost)  
  57  4:44  Stalker  
  63  4:55  Probe (Chrono Boost)  
  63  4:57  Nexus  
  64  5:01  Probe (Chrono Boost)  
  64  5:03  Pylon  
  64  5:05  Probe (Chrono Boost)  
  65  5:08  Assimilator  
  65  5:11  Stalker  
  65  5:13  Probe (Chrono Boost)  
  68  5:16  Probe (Chrono Boost)  
  68  5:25  Probe (Chrono Boost)  
  68  5:27  Immortal  
  73  5:31  Probe (Chrono Boost)  
  73  5:32  Sentry x2  
  78  5:38  Probe (Chrono Boost)  
  78  5:42  Probe (Chrono Boost)  
  80  5:48  Pylon  
  81  5:50  Probe (Chrono Boost)  
  81  5:52  Probe (Chrono Boost)  
  71  5:58  Pylon  
  71  6:00  Probe (Chrono Boost)  
  71  6:03  Probe (Chrono Boost)  
  73  6:10  Immortal (Chrono Boost)  
  78  6:11  Probe (Chrono Boost)  
  78  6:13  Probe x2 (Chrono Boost)  
  80  6:18  Charge  
  80  6:19  Templar Archives  
  80  6:22  Probe (Chrono Boost)  
  80  6:23  Probe (Chrono Boost)  
  80  6:24  Probe (Chrono Boost)  
  83  6:26  Stalker x2  
  83  6:32  Probe (Chrono Boost)  
  88  6:38  Pylon  
  90  6:42  Gateway  
  88  6:47  Gateway  
  88  6:49  Gateway  
  88  6:53  Gateway  
  88  6:55  Immortal (Chrono Boost)  
  88  6:59  Gateway  
  85  7:19  Probe  
  85  7:20  Zealot x3, Probe  
  85  7:21  Probe  
  94  7:30  Probe  
  94  7:31  Probe  
  96  7:41  Immortal (Chrono Boost)  
  96  7:42  High Templar x3  
  106  7:47  Archon  
  106  7:51  Probe x2  
  106  7:52  Probe  
  106  7:53  High Templar  
  106  7:55  Zealot x4  
  106  7:57  Archon  
  119  8:15  Immortal (Chrono Boost)  
  119  8:22  Stalker x3  
  119  8:26  Pylon  
  125  8:27  Pylon  
  125  8:31  Pylon x2  
  125  8:32  Pylon  
  125  8:33  Pylon  
  125  8:34  Pylon  
  125  8:35  Pylon  
  125  8:45  High Templar x2, Stalker x2  
  125  8:46  Stalker x2  
  137  8:48  Warp Prism (Chrono Boost)  
  137  8:50  Archon  
  139  9:03  Pylon x2  
  139  9:04  Pylon  
  139  9:11  Zealot x4  
  143  9:20  Immortal (Chrono Boost)  
  143  9:23  Probe  
  148  9:26  Forge  
  148  9:37  Zealot x7  
  138  9:49  Zealot  
  110  9:58  Stalker x5  
  104  10:03  Stalker  
  64  10:26  High Templar x2  
  64  10:27  Stalker x2  
  64  10:28  Zealot x3, Stalker  
  74  10:32  Archon  
  69  10:49  Stalker x2  
  69  10:50  Stalker  
  70  11:01  Stalker  
  70  11:02  Stalker x2  
  76  11:05  Probe  
Tags
 
Add a new tag
Caveats
  • Supply blocks, unpowered buildings, or Contaminate may cause inaccurate times.
  • Supply counts are checked every 10 seconds.